 Dungeon Crawl Stone Soup version 0.31.0-4-g52a2dc7128 (webtiles) character file.

Game seed: 8855705513088206628

255 Gobbopathe the Trooper (level 5, 0/39 HPs)
             Began as a Demonspawn Chaos Knight on Jan 22, 2024.
             Was a Plaything of Xom.
             Slain by an ogre
             ... wielding a +0 giant club
              (19 damage)
             ... on level 5 of the Dungeon.
             The game lasted 00:05:05 (1848 turns).

Gobbopathe the Trooper (Demonspawn Chaos Knight)    Turns: 1848, Time: 00:05:05

Health: 0/39       AC: 11    Str: 15    XL:     5   Next: 91%
Magic:  5/5        EV:  4    Int: 12    God:    Xom [....*.]
Gold:   52         SH:  5    Dex: 12    Spells: 4/4 levels left

rFire   . . .        a - +0 hand axe (chaos)
rCold   . . .        (no shield)
rNeg    . . .        m - +0 plate armour
rPois   .            (helmet restricted)
rElec   .            (no cloak)
rCorr   .            (no gloves)
SInv    .            (no boots)
Will    .....        n - amulet of reflection Stlth
                     (no ring)
HPRegen 0.26/turn    (no ring)
MPRegen 0.09/turn

%: reflection
@: no status effects
A: claws 2, weakness stinger 1, antennae 1, frail 1, sense surroundings 1,
inability to read after injury 1
a: Renounce Religion


You were on level 5 of the Dungeon.
You worshipped Xom.
You were a beloved toy of Xom.
You visited 1 branch of the dungeon, and saw 5 of its levels.

You collected 136 gold pieces.
You spent 84 gold pieces at shops.

Inventory:

Hand Weapons
 a - a +0 hand axe of chaos (weapon)
 r - the +11 great mace "Beritunirr" {antimagic, *Corrode Dex+5}
   (You found it on level 5 of the Dungeon)

   Dex+5:     It affects your dexterity (+5).
   *Corrode:  It may corrode you when you take damage.
Missiles
 i - 3 stones
 p - 6 boomerangs (quivered)
Armour
 b - a +2 leather armour
 m - a +0 plate armour (worn)
Jewellery
 n - an amulet of reflection (around neck)
Scrolls
 c - a scroll of butterflies
 e - 3 scrolls of identify {unknown}
 g - a scroll of immolation {unknown}
 h - 2 scrolls of teleportation {unknown}
 k - a scroll of blinking {unknown}
 o - a scroll of enchant weapon {unknown}
 q - a scroll of brand weapon {unknown}
Potions
 d - 2 potions of brilliance {unknown}
 f - a potion of lignification {unknown}
 j - a potion of degeneration {unknown}
 l - a potion of ambrosia {unknown}


   Skills:
 * Level 5.3 Fighting
 + Level 3.9 Axes
 + Level 2.8 Armour
 - Level 0.8 Dodging


You had 4 spell levels left.
You didn't know any spells.
Your spell library contained the following spells:

 Spells                   Type           Power      Damage    Failure   Level
 Summon Forest            Summ/Tloc      0%         N/A       100%        5
 Summon Mana Viper        Hex/Summ       0%         N/A       100%        5
 Summon Cactus Giant      Summ           0%         N/A       100%        6


Dungeon Overview and Level Annotations

Branches:
Dungeon (6/15) Zot: 26519
 Temple: D:4-7

Altars:
Wu Jian

Shops:
D:2 *

Annotations:
D:5 3 runed translucent doors, arrururu's ghost, novice AtFi


Innate Abilities, Weirdness & Mutations

You have very sharp fingernails.
You have a small tail.
You have a pair of small antennae on your head.
You are frail. (-10% HP)
You passively map a small area around you.
You occasionally lose the ability to read scrolls when taking damage.


Message History

You see here the +11 great mace "Beritunirr" {antimagic, *Corrode Dex+5}.
r - the +11 great mace "Beritunirr" {antimagic, *Corrode Dex+5}
Found a runed translucent gate.
The orc warrior shouts!
You hear a shout! x2
The orc shouts! x2
The orc shouts!
The orc shouts!
You hear a shout!
Found a ring mail and a falchion.
Found a roughly hewn altar of Beogh.
You now have 34 gold pieces (gained 10).
Arrururu's ghost screams, "I'll kill anyone who wants the ORB!"
You open the door.
There is an open door here.
You now have 52 gold pieces (gained 18).
An ogre comes into view. It is wielding a +0 giant club.
The ogre shouts! "Over there now!"
The ogre blinks!
You are now a beloved toy of Xom.
Throw: 6 boomerangs
Press: ? - help, Q - select action, (/) - cycle Shift-Dir - straight line, f - ogre
Aim: an ogre, wielding a +0 giant club (72% to hit)
You throw a boomerang. The boomerang hits the ogre.
The ogre is moderately wounded.
Throw: 6 boomerangs
Press: ? - help, Q - select action, (/) - cycle Shift-Dir - straight line, f/p - ogre
Aim: an ogre, wielding a +0 giant club (moderately wounded, 72% to hit)
You throw a boomerang. The boomerang hits the ogre.
The ogre is moderately wounded.
Xom grants you an implement of some kind.
Something appears at your feet!
You barely miss the ogre. You tail-slap the ogre.
The ogre is heavily wounded.
The ogre hits you with a +0 giant club!!
Ouch! That really hurt!
You hit the ogre. You freeze the ogre.
The ogre is severely wounded.
You hit the ogre but do no damage. You tail-slap the ogre.
The ogre is almost dead.
The ogre hits you with a +0 giant club!!
You die...

##########*
#.@O...... ,
#.######## #.#
########'### *
#..........# ####
##..........#
...####...........#
..................#
*
8.............8...#
,


You could see an ogre.

Vanquished Creatures
  An ogre (D:5)
  A jelly (D:5)
  An orc priest (D:5)
  2 orc wizards (D:5)
  A white imp (D:5)
  2 dart slugs (D:2)
  6 orcs
  2 bats (D:1)
  4 endoplasms
  A giant cockroach (D:2)
  6 hobgoblins
  4 kobolds
  5 quokkas
  2 ball pythons (D:1)
  A frilled lizard (D:1)
  2 goblins
  7 rats
48 creatures vanquished.

Vanquished Creatures (others)
  A hobgoblin zombie (D:3)
1 creature vanquished.

Grand Total: 49 creatures vanquished

Notes
Turn   | Place    | Note
-------+----------+-------------------------------------------
     0 | D:1      | Gobbopathe the Demonspawn Chaos Knight began the quest for
                  | the Orb.
     0 | D:1      | Reached XP level 1. HP: 18/18 MP: 1/1
   119 | D:1      | Discovered your monstrous ancestry.
   119 | D:1      | Gained mutation: You have sharp fingernails. [demonic
                  | ancestry]
   119 | D:1      | Reached XP level 2. HP: 21/24 MP: 2/2
   121 | D:1      | XOM: silly message
   167 | D:1      | XOM: silly message
   604 | D:2      | Gained mutation: You have very sharp fingernails. [demonic
                  | ancestry]
   604 | D:2      | Reached XP level 3. HP: 25/30 MP: 3/3
   802 | D:2      | Reached skill level 4 in Fighting
   815 | D:2      | XOM: divination: detect creatures
   833 | D:2      | Found Ycyel's Assorted Antiques.
   838 | D:2      | Bought a scroll labelled DIREGU GAKLI for 28 gold pieces
   838 | D:2      | Bought a scroll labelled DEOHUA ROAREU for 28 gold pieces
   838 | D:2      | Bought a scroll labelled DEOHUA ROAREU for 28 gold pieces
  1358 | D:3      | You fall into a shaft and drop 3 floors!
  1373 | D:5      | Entered Level 5 of the Dungeon
  1443 | D:5      | Noticed an ogre
  1447 | D:5      | XOM: butterfly on damage
  1451 | D:5      | XOM: summons friendly shadow imp
  1462 | D:5      | Killed an ogre
  1463 | D:5      | Reached XP level 4. HP: 23/38 MP: 4/4
  1549 | D:5      | Gained mutation: You have a small tail. [demonic ancestry]
  1549 | D:5      | Reached XP level 5. HP: 43/43 MP: 5/5
  1553 | D:5      | Reached skill level 5 in Fighting
  1667 | D:5      | Found an ornate altar of the Wu Jian Council.
  1674 | D:5      | Noticed a spectral centipede
  1674 | D:5      | Noticed a spectral black mamba
  1674 | D:5      | Noticed a spectral cane toad
  1741 | D:5      | XOM: give mutations
  1741 | D:5      | Gained mutation: You passively map a small area around you.
                  | [Xom's mischief]
  1741 | D:5      | Gained mutation: You occasionally lose the ability to read
                  | scrolls when taking damage. [Xom's mischief]
  1741 | D:5      | Gained mutation: You are frail. (-10% HP) [Xom's mischief]
  1741 | D:5      | Gained mutation: You have a pair of small antennae on your
                  | head. [Xom's mischief]
  1815 | D:5      | Identified the +11 great mace "Beritunirr" {antimagic,
                  | *Corrode Dex+5}
  1817 | D:5      | Found a runed translucent gate.
  1817 | D:5      | Identified the +5 plate armour of Xirot {*Slow Int+8}
  1817 | D:5      | Noticed an orc warrior
  1818 | D:5      | Found a runed translucent gate.
  1818 | D:5      | Noticed arrururu's ghost (novice AtFi)
  1819 | D:5      | Found a runed translucent gate.
  1819 | D:5      | Identified the +1 mace of Ebbozaja {flame, Str+7}
  1819 | D:5      | Identified the +0 ring mail of the Thirteen Violins {Str+2}
  1843 | D:5      | Noticed an ogre
  1843 | D:5      | XOM: blink monster(s)
  1845 | D:5      | XOM: god gift: murky amethyst potion {god gift}
  1848 | D:5      | Slain by an ogre

Illustrated notes

Levels and vault maps discovered:
D:1:      lightli_arrival_maybe_door_vault, layout_basic
D:2:      layout_rooms, serial_shops, nicolae_shop_hallway_stairs,
          roderic_roman_lattice, kennysheep_generic_room_11
D:3:      layout_loops_corners, chequers_serial_rivers_room_a
D:5:      layout_basic, pdpol_wu_jian_five_deadly_venoms,
          biasface_ghost_orc_armoury
D:6:      layout_basic, nemelex_spade_bored_becter, nicolae_nh_ransacked_shop

Skill      XL: |  1  2  3  4  5 |
---------------+----------------+-----
Axes           | 3 |  3.9
Fighting       | 4 5 |  5.3
Armour         | 2 |  2.8
Dodging        | |  0.8

Action                     |  1- 3 |  4- 6 || total
---------------------------+-------+-------++-------
  Melee: Hand axe          |   126 |    19 ||   145
         Punch             |     1 |       ||     1
         Tailslap          |       |     3 ||     3
  Throw: Boomerang         |       |     2 ||     2
   Stab: Sleeping          |     2 |       ||     2
         Petrified         |     9 |       ||     9
 Armour: Leather armour    |    59 |       ||    59
         Plate armour      |    12 |    14 ||    26
  Dodge: Dodged            |    53 |       ||    53
  Block: Other             |     2 |       ||     2
